 Dungeon Crawl Stone Soup version 0.21.1-1-g345015f (webtiles) character file.

1638 Hebeh the Chopper (level 8, -1/73 HPs)
             Began as a Deep Dwarf Fighter on June 15, 2018.
             Was a Follower of Makhleb.
             Killed from afar by an efreet (19 damage)
             ... with a fireball
             ... on level 6 of the Dungeon.
             The game lasted 00:25:27 (4058 turns).

Hebeh the Chopper (Deep Dwarf Fighter)              Turns: 4058, Time: 00:25:27

Health: -1/73      AC: 12    Str: 22    XL:     8   Next: 66%
Magic:  15/15      EV:  8    Int:  9    God:    Makhleb [*.....]
Gold:   445        SH: 10    Dex: 12    Spells: 7/7 levels left

rFire    . . .     SeeInvis +   j - +2 spear (venom)
rCold    . . .     Gourm    .   c - +0 shield
rNeg     . . .     Faith    .   b - +0 scale mail
rPois    .         Spirit   .   q - +1 helmet
rElec    .         Reflect  .   p - +0 cloak
rCorr    .         Harm     .   (no gloves)
MR       +....                  v - +0 pair of boots
Stlth    ..........             (no amulet)
HPRegen  0.00/turn              n - ring of magical power
MPRegen  0.14/turn              o - ring of see invisible

@: non-regenerating
A: damage resistance, heal wounds, sense surroundings 1, no regeneration
a: Heal Wounds, Renounce Religion


You were on level 6 of the Dungeon.
You worshipped Makhleb.
Makhleb was aware of your devotion.
You were not hungry.

You visited 2 branches of the dungeon, and saw 7 of its levels.

You collected 445 gold pieces.

Inventory:

Hand Weapons
 a - a +0 war axe
 j - a +2 spear of venom (weapon)
 C - a +0 flail of crushing
Armour
 b - a +0 scale mail (worn)
 c - a +0 shield (worn)
 p - a +0 cloak (worn)
 q - a +1 helmet (worn)
 v - a +0 pair of boots (worn)
Jewellery
 n - a ring of magical power (left hand)
 o - a ring of see invisible (right hand)
Wands
 x - a wand of acid (7)
Scrolls
 h - 2 scrolls of teleportation {unknown}
 i - 3 scrolls of identify
 l - a scroll of blinking {unknown}
 r - 2 scrolls of magic mapping {unknown}
 u - a scroll of fear {unknown}
 y - 2 scrolls of noise {unknown}
 A - a scroll of remove curse {unknown}
Potions
 d - 2 potions of might
 e - a potion of resistance
 k - a potion of heal wounds {unknown}
 m - 2 potions of cancellation
 s - 3 potions of brilliance
 t - 3 potions of lignification {unknown}
 z - a potion of curing
 B - a potion of flight {unknown}
Comestibles
 f - 19 rations
 g - 10 chunks of flesh


   Skills:
 + Level 4.8 Fighting
 * Level 7.3(7.9) Axes
 + Level 3.7(5.4) Polearms
 + Level 5.8 Armour
 + Level 5.8 Shields
 + Level 1.2 Invocations
 + Level 1.0 Evocations


You had 7 spell levels left.
You didn't know any spells.

Dungeon Overview and Level Annotations

Branches:
Dungeon (6/15)             Temple (1/1) D:4

Altars:
Ashenzari
Cheibriados
Dithmenos
Elyvilon
Fedhas
Hepliaklqana
Kikubaaqudgha
Makhleb
Nemelex Xobeh
Okawaru
Qazlal
Ru
Sif Muna
Uskayaw
Vehumet
Wu Jian
Yredelemnul
Zin

Shops:
D:5 [


Innate Abilities, Weirdness & Mutations

You are resistant to damage.
You can heal yourself by infusing magical energy.
You passively map a small area around you.
You do not regenerate.


Message History

You hit the efreet but do no damage.
The efreet is moderately wounded.
The efreet hits you with a scimitar of flaming.
The efreet burns you.
You hit the efreet but do no damage.
The efreet looks even sicker.
The efreet is moderately wounded.
The efreet hits you with a scimitar of flaming!
The efreet burns you.
You barely miss the efreet.
The efreet is moderately wounded.
The efreet hits you with a scimitar of flaming!
* * * LOW HITPOINT WARNING * * *
The efreet burns you.
* * * LOW HITPOINT WARNING * * *
You hit the efreet but do no damage.
The efreet is moderately wounded.
You fail to use your ability.
The efreet gestures at you.
The fireball explodes!
The fireball engulfs you!
You die...

#.#########.# #.#####.##
#.##........# #.# #)#
#.##.######## #.# #.#
#.##.# #######.#####.##
#.##.# #..........)..##
#.##.# #.#####.####..##
#.##.####.# #.......##
#.##....#.#####.##.....#
#.##...@R....##.#.......
########.....#######....
##... #.....# , #....
#....§#.....# ,#...#
#...§^§..8..+ , ,#..##
#....§#.....# , , #....
##...##.....# ##### ####
###+########## * , *
,*#......#


You could see an efreet.

Vanquished Creatures
  The ghost of Ethylacetat the Slasher, an amateur DsCK (D:3)
  A water moccasin (D:6)
  5 ogres
  A necrophage (D:6)
  3 scorpions
  A gnoll shaman (D:6)
  6 orc priests
  3 worker ants
  7 orc wizards
  10 adders
  6 gnolls
  3 worms
  An adder skeleton (D:4)
  2 dart slugs (D:1)
  6 leopard geckos
  24 orcs
  3 ball pythons
  10 bats
  7 giant cockroaches
  7 goblins
  4 hobgoblins
  6 jackals
  6 kobolds
  5 quokkas
  5 frilled lizards
  A jackal zombie (D:5)
  A leopard gecko zombie (D:6)
  A quokka skeleton (D:4)
  13 rats
149 creatures vanquished.

Notes
Turn   | Place    | Note
-------+----------+-------------------------------------------
     0 | D:1      | Hebeh the Deep Dwarf Fighter began the quest for the Orb.
     0 | D:1      | Reached XP level 1. HP: 20/20 MP: 1/1
   118 | D:1      | Reached XP level 2. HP: 25/27 MP: 2/2
   295 | D:1      | Reached XP level 3. HP: 30/33 MP: 3/3
   307 | D:1      | Reached skill level 3 in Axes
   796 | D:2      | Found a radiant altar of Vehumet.
  1190 | D:2      | Reached XP level 4. HP: 37/42 MP: 4/4
  1197 | D:2      | Reached skill level 1 in Polearms
  1516 | D:3      | Reached XP level 5. HP: 19/49 MP: 5/5
  1578 | D:3      | Noticed Ethylacetat's ghost (amateur DsCK)
  1588 | D:3      | Reached skill level 4 in Axes
  1621 | D:3      | Killed Ethylacetat's ghost
  1621 | D:3      | Reached XP level 6. HP: 19/56 MP: 6/6
  2040 | D:4      | Found a staircase to the Ecumenical Temple.
  2064 | Temple   | Entered the Ecumenical Temple
  2303 | D:4      | Reached skill level 5 in Axes
  2314 | D:4      | Reached XP level 7. HP: 42/63 MP: 7/7
  2814 | D:5      | Entered Level 5 of the Dungeon
  2841 | D:5      | Reached skill level 5 in Armour
  2841 | D:5      | Reached skill level 5 in Shields
  2858 | D:5      | Reached skill level 6 in Axes
  2955 | D:5      | Reached XP level 8. HP: 39/73 MP: 8/8
  3068 | D:5      | Found Rynkaats's Antique Armour Shoppe.
  3151 | D:5      | Found a burning altar of Makhleb.
  3156 | D:5      | Became a worshipper of Makhleb the Destroyer
  3563 | D:6      | Reached skill level 7 in Axes
  3852 | D:6      | Reached * piety under Makhleb
  3925 | D:6      | Reached skill level 1 in Invocations
  3937 | D:6      | Reached skill level 1 in Evocations
  4033 | D:6      | Noticed an efreet
  4058 | D:6      | Killed from afar by an efreet

Skill      XL: |  1  2  3  4  5  6  7  8 |
---------------+-------------------------+-----
Fighting       | 3 4 |  4.8
Axes           | 3 4 5 6 7 |  7.3
Polearms       | 1 2 3 |  3.7
Armour         | 4 5 |  5.8
Shields        | 4 5 |  5.8
Invocations    | 1 |  1.2
Evocations     | 1 |  1.0

Action                   |  1- 3 |  4- 6 |  7- 9 || total
-------------------------+-------+-------+-------++-------
Melee: War axe           |    26 |       |       ||    26
       Spear             |   102 |   148 |   256 ||   506
 Abil: Heal Wounds       |       |     2 |     9 ||    11
  Use: Scroll            |       |       |     7 ||     7
  Eat: Chunk             |     1 |     4 |     6 ||    11
Armor: Scale mail        |    46 |    30 |   109 ||   185
Dodge: Dodged            |    39 |    33 |    72 ||   144
Block: Shield            |    52 |    58 |   137 ||   247
